 Dungeon Crawl Stone Soup version 0.30.1 (webtiles) character file.

Game seed: 5197485573288395103

324 Sanktem7 the Chopper (level 6, -4/56 HPs)
             Began as a Minotaur Fighter on July 7, 2023.
             Slain by a wight
             ... wielding a +4 halberd
              (5 damage)
             ... on level 4 of the Dungeon.
             The game lasted 00:03:03 (2575 turns).

Sanktem7 the Chopper (Minotaur Fighter)             Turns: 2575, Time: 00:03:03

Health: -4/56      AC: 12    Str: 23    XL:     6   Next: 23%
Magic:  5/5        EV:  8    Int:  5    God:
Gold:   114        SH:  4    Dex:  9    Spells: 5/5 levels left

rFire   . . .        a - +0 war axe {axe}
rCold   . . .        c - +0 buckler
rNeg    . . .        u - +0 chain mail
rPois   .            (helmet restricted)
rElec   .            (no cloak)
rCorr   .            m - +0 pair of gloves
SInv    .            j - +0 pair of boots
Will    .....        (no amulet) Stlth
                     (no ring)
HPRegen 0.29/turn    (no ring)
MPRegen 0.09/turn

%: no passive effects
@: no status effects
A: horns 2, retaliatory headbutt
a: no special abilities


You were on level 4 of the Dungeon.
You visited 1 branch of the dungeon, and saw 4 of its levels.

You collected 202 gold pieces.
You spent 88 gold pieces at shops.


Innate Abilities, Weirdness & Mutations

You have a pair of horns on your head.
You reflexively headbutt those who attack you in melee.


   Skills:
 + Level 5.0 Fighting
 * Level 5.3 Axes
 + Level 4.9 Armour
 + Level 5.0 Shields


You had 5 spell levels left.
You didn't know any spells.
Your spell library was empty.

Inventory:

Hand Weapons
 a - a +0 war axe (weapon) {axe}
 f - a +3 whip of holy wrath {mace}
   (You found it on level 1 of the Dungeon)
Missiles
 g - 31 stones (quivered) {throwing}
Armour
 b - the +3 chain mail "Cing" {+Blink rF+ Str+4 Int-5}
   (You found it on level 3 of the Dungeon)

   Str:       It affects your strength (+4).
   Int:       It affects your intelligence (-5).
   rF:        It protects you from fire.
   +Blink:    It lets you blink.
 c - a +0 buckler (worn)
 j - a +0 pair of boots (worn)
   (You found it on level 1 of the Dungeon)
 m - a +0 pair of gloves (worn)
   (You found it on level 2 of the Dungeon)
 u - a +0 chain mail (worn)
   (You found it on level 3 of the Dungeon)
Magical Staves
 p - a staff of earth {!astaff}
   (You found it on level 3 of the Dungeon)
Wands
 r - a wand of light (4)
   (You found it on level 2 of the Dungeon)
 w - a wand of iceblast (15)
   (You found it on level 3 of the Dungeon)
Scrolls
 e - 4 scrolls of identify {@r1}
 h - 4 scrolls of teleportation {unknown}
 i - 2 scrolls of immolation {unknown}
 l - 2 scrolls of fog {unknown}
 s - 2 scrolls of noise {unknown}
 x - a scroll of vulnerability {unknown}
Potions
 d - 2 potions of might
 k - a potion of mutation {unknown}
 n - 2 potions of lignification {unknown}
 o - 2 potions of curing {@q1}
 q - 2 potions of flight {unknown}
 t - a potion of attraction {unknown}
 v - a potion of brilliance {unknown}

Dungeon Overview and Level Annotations

Branches:
Dungeon (4/15) Zot: 21373
 Temple: D:4-7

Altars:
Cheibriados

Shops:
D:2

*
#........?.....
#......(>......
#............#
#............#
#.....<......
#..........
#.....zā€ z#
#@# #.# #.# #.#
#.# #.# #.# #.#
#.#


You could see 2 wights.


Message History

šŸ˜® HP[-3]
You take 3 damage, and now have 31/47 hp.
You hit the orc wizard.
You kill the orc wizard! šŸ˜® HP[+1]
You now have 114 gold pieces (gained 13).
Items here: )) [[ ā€ ā€ .
Key pressed, stopping explore.
Items here: )) [[ ā€ ā€ .
Key pressed, stopping explore.
Key pressed, stopping explore.
Done exploring. šŸ˜Ž HP[+15]
Your hp is fully restored (47).
There is a stone staircase leading down here.
You climb downwards.
You hear the hiss of flowing sand.
There is an entrance to an ossuary on this level.
Hurry and find it before the portal is buried!
There is a stone staircase leading up here.
Found an escape hatch in the ceiling.
A kobold comes into view. It is wielding a +0 club.
The kobold shouts!
A worm comes into view.
The kobold throws a stone.
The stone closely misses you.
A wight comes into view. It is wielding a +0 dire flail.
A wight and a kobold come into view.
Found 6 stones.
Found an escape hatch in the floor.
The wight moves out of view. 2 wights come into view.
The worm bites you but does no damage.
You hit the worm. You headbutt the worm! You barely miss the kobold.
You block the kobold's attack.
You slash the worm!
You kill the worm!
You hit the kobold.
You kill the kobold!
You closely miss the kobold. The kobold hits you but does no damage.
The wight hits you from afar with a +4 halberd.
You feel drained.
Your life force feels restored. šŸ˜• HP[-4]
You take 4 damage, and now have 43/47 hp.
You closely miss the wight. You hit the kobold but do no damage.
The kobold hits you but does no damage. The wight barely misses you.
You block the wight's attack.
You barely miss the wight. You hit the kobold.
You hit the wight but do no damage. The kobold hits you but does no damage.
You block the wight's attack. The wight barely misses you.
The wight hits you with a +0 dire flail!
You feel drained. šŸ˜® HP[-13]
You now have 45 max hp (-2).
You take 13 damage, and now have 30/45 hp.
MASSIVE DAMAGE!! (PAUSE)
The kobold throws a stone.
The stone hits you but does no damage.
You slash the wight! You headbutt the wight.
You destroy the wight!
The wight hits you but does no damage. The kobold barely misses you.
The wight hits you from afar with a +0 spear.
You feel drained.
Your Axes skill increases to level 5!
You have reached level 6! šŸ˜® HP[+1] MP[+1]
You now have 54 max hp (+9).
Your mp is fully restored (5).
You barely miss the kobold. You headbutt the kobold.
The kobold hits you with a +0 club. The wight closely misses you.
The wight hits you but does no damage. šŸ˜® HP[-3]
You take 3 damage, and now have 28/54 hp.
You slash the kobold!
You kill the kobold!
You block the wight's attack. x2; The wight barely misses you.
The wight hits you but does no damage. The wight barely misses you.
You furiously retaliate!
You headbutt the wight! šŸ˜® HP[+1]
You slash the wight!
You destroy the wight!
The wight hits you from afar with a +4 halberd!
* * * LOW HITPOINT WARNING * * *
The wight barely misses you.
Your life force feels restored.
Your Fighting skill increases to level 5!
Your Shields skill increases to level 5! šŸ˜Ø HP[-13]
You now have 56 max hp (+2).
You take 13 damage, and now have 16/56 hp.
MASSIVE DAMAGE!! (PAUSE)
The wight hits you with a +4 halberd!
* * * LOW HITPOINT WARNING * * *
You block the wight's attack.
Items here: ( ))) [[ ā€ . šŸ˜± HP[-7]
You take 7 damage, and now have 9/56 hp.
You slash the wight! Your headbutt misses the wight. You hit the wight.
You block the wight's attack. The wight hits you but does no damage.
You barely miss the wight. You hit the wight.
The wight hits you with a +0 spear!
* * * LOW HITPOINT WARNING * * *
The wight hits you with a +4 halberd.
You die...

Skill      XL: |  1  2  3  4  5  6 |
---------------+-------------------+-----
Axes           | 3 4 5 |  5.3
Fighting       | 4 5 |  5.0
Armour         | 4 |  4.9
Shields        | 4 5 |  5.0

Action                     |  1- 3 |  4- 6 || total
---------------------------+-------+-------++-------
  Melee: War axe           |    83 |    73 ||   156
         Headbutt          |     9 |    13 ||    22
 Armour: Scale mail        |    36 |    17 ||    53
         Chain mail        |       |    36 ||    36
  Dodge: Dodged            |    42 |    30 ||    72
  Block: Buckler           |    18 |    19 ||    37

Levels and vault maps discovered:
D:1:      lemuel_arrival_funnel, layout_basic, hex_intersection
D:2:      layout_basic, serial_shops, shop, serial_park_tiny_2
D:3:      layout_loops_ring, cheibriados_altar_1, uniq_robin, uniq_terence
D:4:      layout_basic, enter_ossuary_5, dreamdust_gnoll_farm, uniq_duvessa

Notes
Turn   | Place    | Note
-------+----------+-------------------------------------------
     0 | D:1      | Sanktem7 the Minotaur Fighter began the quest for the Orb.
     0 | D:1      | Reached XP level 1. HP: 19/19 MP: 0/0
     0 | D:1      | magus.rc [v1.9.6]
    95 | D:1      | Reached XP level 2. HP: 22/27 MP: 1/1
   199 | D:1      | Reached skill level 3 in Axes
   609 | D:1      | Reached skill level 4 in Fighting
   609 | D:1      | Reached skill level 4 in Armour
   609 | D:1      | Reached skill level 4 in Shields
   609 | D:1      | Reached XP level 3. HP: 33/33 MP: 2/2
   894 | D:2      | Found Cexyweiv's General Store.
   908 | D:2      | Bought a scroll of identify for 22 gold pieces
   908 | D:2      | Bought a potion of curing for 33 gold pieces
   908 | D:2      | Bought a potion of curing for 33 gold pieces
  1432 | D:2      | Reached XP level 4. HP: 40/40 MP: 3/3
  1641 | D:3      | Reached skill level 4 in Axes
  1747 | D:3      | Noticed Robin
  1753 | D:3      | Killed Robin
  1949 | D:3      | Reached XP level 5. HP: 40/47 MP: 4/4
  1982 | D:3      | Identified the +3 chain mail "Cing" {+Blink rF+ Str+4
                  | Int-5}
  2290 | D:3      | Found a snail-covered altar of Cheibriados.
  2291 | D:3      | Noticed Terence
  2299 | D:3      | Killed Terence
  2570 | D:4      | Reached skill level 5 in Axes
  2570 | D:4      | Reached XP level 6. HP: 31/54 MP: 5/5
  2573 | D:4      | Reached skill level 5 in Fighting
  2573 | D:4      | Reached skill level 5 in Shields
  2573 | D:4      | HP: 9/56 [wight/+4 halberd (8)]
  2575 | D:4      | HP: 1/56 [wight/+0 spear (8)]
  2575 | D:4      | Slain by a wight

Vanquished Creatures
  2 wights (D:4)
  2 hounds (D:3)
  Terence (D:3)
  An orc wizard (D:3)
  Robin (D:3)
  A gnoll (D:1)
  An adder (D:2)
  4 worms
  4 dart slugs
  6 orcs (D:3)
  5 bats
  5 endoplasms
  A giant cockroach (D:2)
  7 goblins
  6 hobgoblins
  2 quokkas (D:1)
  6 ball pythons
  A frilled lizard (D:1)
  5 kobolds
  4 rats
65 creatures vanquished.

Table legend:
 A = Non-vault XP
 B = Vault XP
 C = Vault XP percentage of total XP
 D = Non-vault monster count
 E = Vault monster count
 F = Vault count percentage of total count
                 A         B        C        D         E       F
            +---------+---------+-------+---------+---------+-------
      Total |     400 |      63 |  13.6 |      57 |       8 |  12.3
            +---------+---------+-------+---------+---------+-------
        D:1 |      49 |       0 |   0.0 |      22 |       0 |   0.0
        D:2 |      52 |       0 |   0.0 |      18 |       0 |   0.0
        D:3 |     149 |      63 |  29.7 |      12 |       8 |  40.0
        D:4 |     150 |       0 |   0.0 |       5 |       0 |   0.0
            +---------+---------+-------+---------+---------+-------

Skill      XL: |  1  2  3  4  5  6 |
---------------+-------------------+-----
Axes           | 3 4 5 |  5.3
Fighting       | 4 5 |  5.0
Armour         | 4 |  4.9
Shields        | 4 5 |  5.0

Action                     |  1- 3 |  4- 6 || total
---------------------------+-------+-------++-------
  Melee: War axe           |    83 |    73 ||   156
         Headbutt          |     9 |    13 ||    22
 Armour: Scale mail        |    36 |    17 ||    53
         Chain mail        |       |    36 ||    36
  Dodge: Dodged            |    42 |    30 ||    72
  Block: Buckler           |    18 |    19 ||    37

Illustrated notes

Table legend:
 A = Kills in this place as a percentage of kills in the entire game.
 B = Kills by you in this place as a percentage of kills by you in the entire game.
 C = Kills by friends in this place as a percentage of kills by friends in the entire game.
 D = Other kills in this place as a percentage of other kills in the entire game.
 E = Experience gained in this place as a percentage of experience gained in the entire game.
 F = Experience gained in this place divided by the number of levels of this place that you have seen.
                   A       B       C       D       E      F
               +-------+-------+-------+-------+-------+----------------------
         Total | 100.0 | 100.0 |   N/A |   N/A | 100.0 | 115.8
       Dungeon | 100.0 | 100.0 |   N/A |   N/A | 100.0 | 115.8
               +-------+-------+-------+-------+-------+----------------------

Table legend: (Time is in decaauts)
 A = Elapsed time spent in this place.
 B = Non-inter-level travel time spent in this place.
 C = Inter-level travel time spent in this place.
 D = Time resting spent in this place.
 E = Time spent auto-exploring this place.
 F = Levels seen in this place.
 G = Mean time per level.
                   A        B        C        D        E       F      G
               +--------+--------+--------+--------+--------+-----+--------+
         Total |   2625 |   2516 |    109 |      0 |   2095 |   4 |  656.2 |
       Dungeon |   2625 |   2516 |    109 |      0 |   2095 |   4 |  656.2 |
               +--------+--------+--------+--------+--------+-----+--------+

Top non-repeatable levels by time:
     D:3: 941 daAuts
     D:1: 846 daAuts
     D:2: 802 daAuts
     D:4: 34 daAuts
